 Dungeon Crawl Stone Soup version 0.29.0-4-gdea44cf6ec (webtiles) character file.

Game seed: 10706692251166061509

113 qw the Chopper (level 4, -3/26 HPs)
             Began as a Tengu Warper on Aug 28, 2022.
             Slain by an iguana (12 damage)
             ... on level 4 of the Dungeon.
             The game lasted 00:00:20 (3978 turns).

qw the Chopper (Tengu Warper)                       Turns: 3978, Time: 00:00:21

Health: -3/26      AC:  7    Str: 14    XL:     4   Next: 96%
Magic:  8/8        EV: 11    Int: 13    God:
Gold:   161        SH:  0    Dex: 19    Spells: 7/7 levels left

rFire   + . .      SeeInvis .   Y - +0 hand axe
rCold   . . .      Faith    .   (no shield)
rNeg    . . .      Spirit   .   d - +0 ring mail
rPois   .          Reflect  .   (helmet restricted)
rElec   .          Harm     .   j - +1 cloak
rCorr   .          Rampage  .   (no gloves)
Will    .....                   (boots unavailable)
Stlth   +.........              (no amulet)
HPRegen 0.08/turn               i - +6 ring of dexterity
MPRegen 0.11/turn               k - ring of protection from fire

@: no status effects
A: beak, talons 3, mutation resistance 1
a: no special abilities


You were on level 4 of the Dungeon.
You visited 1 branch of the dungeon, and saw 4 of its levels.

You collected 161 gold pieces.


Innate Abilities, Weirdness & Mutations

You have a beak for a mouth.
You have claws for feet.
You are somewhat resistant to further mutation.


   Skills:
 - Level 2.0 Fighting
 + Level 5.4 Axes
 - Level 1.0 Throwing
 - Level 1.1 Armour
 - Level 2.1 Dodging
 - Level 2.0 Spellcasting
 - Level 2.4 Translocations


You had 7 spell levels left.
You didn't know any spells.
Your spell library contained the following spells:

 Spells                   Type           Power      Damage    Failure   Level
 Blink                    Tloc           14%        N/A       30%         2
 Gell's Gravitas          Tloc           7%         N/A       52%         3
 Lesser Beckoning         Tloc           7%         N/A       52%         3
 Teleport Other           Tloc           7%         N/A       52%         3
 Manifold Assault         Tloc           7%         N/A       99%         5

Inventory:

Hand Weapons
 h - a +0 mace
 Y - a +0 hand axe (weapon)
Armour
 d - a +0 ring mail (worn)
 j - a +1 cloak (worn)
Jewellery
 i - a +6 ring of dexterity (left hand)
 k - a ring of protection from fire (right hand)
 l - a ring of willpower
 m - an amulet of magic regeneration
Scrolls
 a - a scroll of identify
Potions
 b - a potion of heal wounds
 c - a potion of haste
 e - a potion of mutation
 f - a potion of degeneration {unknown}
 g - a potion of lignification {unknown}
 o - a potion of curing

Dungeon Overview and Level Annotations

Branches:
Dungeon (4/15)
 Temple: D:4-7

Altars:
Nemelex Xobeh
Sif Muna

Shops:
D:1 (


Message History

There is an open door here.
Things that are here:
6 stones; a hobgoblin corpse You open the door.
You feel yourself slow down.
There is an open door here.
m - an amulet of magic regeneration
Enter note: An iguana comes into view.
The iguana hisses angrily.
Enter note: You hit the iguana but do no damage.
You claw the iguana, but do no damage. The iguana bites you.
You closely miss the iguana. The iguana bites you.
You hit the iguana but do no damage. You claw the iguana! You peck the iguana.
The iguana is heavily wounded.
The iguana barely misses you.
You hit the iguana but do no damage. You claw the iguana, but do no damage.
You peck the iguana.
The iguana is severely wounded.
The iguana bites you but does no damage.
You closely miss the iguana.
The iguana is severely wounded.
The iguana bites you.
You barely miss the iguana. Your peck misses the iguana.
The iguana is severely wounded.
The iguana closely misses you.
You closely miss the iguana. You peck the iguana, but do no damage.
The iguana is severely wounded.
The iguana bites you but does no damage.
You hit the iguana but do no damage. You claw the iguana, but do no damage.
You peck the iguana, but do no damage.
The iguana is severely wounded.
The iguana bites you.
You closely miss the iguana. You claw the iguana, but do no damage.
You peck the iguana.
The iguana is severely wounded.
The iguana bites you!
You die...

### ############.#
.............########
.#####............... .#
#.#####.########...
.#####.#........@.....#
....##.#.###...##l#.....
................#... ...
.##.##.###......#.#... .
.##..........#..#.#.....
.##.....#.......#.# ....
.##.....#.....#.#.# ...
.##.....#.<.....#.# ...
.##..#'##.#..####


You could see an iguana.

Vanquished Creatures
  Robin (D:1)
  4 adders
  A worm (D:3)
  A dart slug (D:3)
  7 ball pythons
  4 endoplasms
  2 giant cockroaches
  17 goblins
  5 hobgoblins
  2 quokkas (D:1)
  3 bats
  3 frilled lizards
  4 kobolds
  5 rats
59 creatures vanquished.

Notes
Turn   | Place    | Note
-------+----------+-------------------------------------------
     0 | D:1      | qw the Tengu Warper began the quest for the Orb.
     0 | D:1      | Reached XP level 1. HP: 12/12 MP: 4/4
     0 | D:1      | 0 ||| qw: Version: 0.1-a-89-g26bdef1
     0 | D:1      | 0 ||| qw: Game counter: 1187
     0 | D:1      | 0 ||| qw: Always use a shield: true
     0 | D:1      | 0 ||| qw: God list: Okawaru
     0 | D:1      | 0 ||| qw: Allow faded altars: false
     0 | D:1      | 0 ||| qw: Do Orc after D:15 true
     0 | D:1      | 0 ||| qw: Do second Lair branch before Depths: true
     0 | D:1      | 0 ||| qw: Lair rune preference: random
     0 | D:1      | 0 ||| qw: Plans: Normal
     0 | D:1      | 0 ||| PLANNING D:1-11
   178 | D:1      | Reached XP level 2. HP: 17/17 MP: 6/6
   223 | D:1      | Reached skill level 3 in Axes
   283 | D:1      | Found a faded altar of an unknown god.
   333 | D:1      | Found Atumumatao's Weapon Boutique.
   539 | D:1      | HP: 2/17 [frozen (5)]
  1372 | D:1      | 1372 ||| UPGRADING to +0 ring mail.
  1382 | D:1      | 1382 ||| DROPPING +0 leather armour.
  1383 | D:1      | 1383 ||| UPGRADING to +6 ring of dexterity.
  1384 | D:1      | 1384 ||| UPGRADING to ring of protection from fire.
  1385 | D:1      | 1385 ||| READING 3 scrolls labelled OJOJEFF JOIN.
  1386 | D:1      | 1386 ||| READING scroll labelled IFUCWONWOG.
  1387 | D:1      | 1387 ||| DRINKING 2 puce potions.
  1387 | D:1      | Gained mutation: You are somewhat resistant to further
                  | mutation. [potion of mutation]
  1388 | D:1      | 1388 ||| DRINKING 3 fizzy dark potions.
  1389 | D:1      | 1389 ||| READING 2 scrolls of identify.
  1389 | D:1      | 1389 ||| IDENTIFYING pink potion
  1390 | D:1      | 1390 ||| DROPPING scroll of blinking.
  1391 | D:1      | 1391 ||| DROPPING 2 potions of attraction.
  1392 | D:1      | 1392 ||| Stepping randomly (stuck).
  1393 | D:1      | 1393 ||| Stepping ~*~*~tactically~*~*~ (cloud).
  1394 | D:1      | 1394 ||| DRINKING potion of curing.
  1394 | D:1      | 1394 ||| (to cure poison)
  1395 | D:1      | 1395 ||| Stepping randomly (stuck).
  1400 | D:1      | HP: 4/17 [poisoned by you (poison gas)]
  1403 | D:1      | HP: 1/17 [poisoned by you (poison gas)]
  1731 | D:2      | Noticed Robin
  1732 | D:2      | 1732 ||| STAIRDANCE
  1739 | D:1      | HP: 3/17 [Robin/+0 club (2)]
  1741 | D:1      | Reached XP level 3. HP: 4/21 MP: 7/7
  1744 | D:1      | Killed Robin
  1745 | D:1      | Reached skill level 4 in Axes
  2007 | D:2      | 2007 ||| STAIRDANCE
  2149 | D:2      | 2149 ||| STAIRDANCE
  2159 | D:2      | 2159 ||| Stepping ~*~*~tactically~*~*~ (stealth).
  2167 | D:2      | 2167 ||| Stepping ~*~*~tactically~*~*~ (stealth).
  2227 | D:2      | 2227 ||| Stepping ~*~*~tactically~*~*~ (stealth).
  2403 | D:2      | Reached XP level 4. HP: 26/26 MP: 8/8
  2612 | D:2      | 2612 ||| UPGRADING to +1 cloak.
  2617 | D:2      | 2617 ||| READING scroll labelled HIEQ RA ZUUN.
  2621 | D:2      | 2621 ||| READING scroll labelled RAASME YTSU.
  2851 | D:3      | Reached skill level 5 in Axes
  3060 | D:3      | 3060 ||| Stepping ~*~*~tactically~*~*~ (hiding).
  3061 | D:3      | 3061 ||| Stepping ~*~*~tactically~*~*~ (hiding).
  3351 | D:3      | Found a sparkling altar of Nemelex Xobeh.
  3773 | D:3      | Found a shimmering blue altar of Sif Muna.
  3873 | D:3      | 3873 ||| READING scroll labelled BUONIU FEPI.
  3874 | D:3      | 3874 ||| READING scroll labelled YHUNOS SIDIFYK.
  3875 | D:3      | 3875 ||| DRINKING 2 cyan potions.
  3876 | D:3      | 3876 ||| READING 2 scrolls of identify.
  3876 | D:3      | 3876 ||| IDENTIFYING blue potion
  3906 | D:4      | 3906 ||| Stepping ~*~*~tactically~*~*~ (stealth).
  3907 | D:4      | 3907 ||| Stepping ~*~*~tactically~*~*~ (stealth).
  3909 | D:4      | 3909 ||| STAIRDANCE
  3978 | D:4      | Slain by an iguana

Levels and vault maps discovered:
D:1:      arrival_zaba_pyramid, layout_basic, serial_shops,
          nicolae_shop_bloodbath_and_beyond,
          hellmonk_ecumenical_altar_inner_sanctum, minmay_misc_feat_encased,
          minmay_vboxes
D:2:      cheibrodos_helix_gallery, layout_rooms, uniq_robin
D:3:      layout_basic, nemelex_xobeh_ov_fountains_minmay,
          nicolae_sif_muna_little_library, kennysheep_nub,
          chequers_serial_rivers_micro_b, kennysheep_generic_room_5
D:4:      minmay_inner_zag, layout_basic, minmay_temple_entry_proselytizer,
          serial_shops, nicolae_shop_stone, kennysheep_generic_room_16

Skill      XL: |  1  2  3  4 |
---------------+-------------+-----
Axes           | 3 4 5 |  5.4
Fighting       | |  2.0
Throwing       | |  1.0
Armour         | |  1.1
Dodging        | |  2.1
Spellcasting   | |  2.0
Translocations | |  2.4

Action                   |  1- 3 |  4- 6 || total
-------------------------+-------+-------++-------
Melee: Hand axe          |    72 |    67 ||   139
       Kick              |    18 |    21 ||    39
       Peck              |    10 |    16 ||    26
       Punch             |       |     1 ||     1
Throw: Boomerang         |     7 |       ||     7
  Use: Scroll            |     3 |     5 ||     8
       Potion            |     3 |     1 ||     4
 Stab: Sleeping          |     1 |       ||     1
Armor: Leather armour    |    11 |       ||    11
       Ring mail         |    10 |    25 ||    35
Dodge: Dodged            |    53 |    22 ||    75

Table legend:
 A = Non-vault XP
 B = Vault XP
 C = Vault XP percentage of total XP
 D = Non-vault monster count
 E = Vault monster count
 F = Vault count percentage of total count
                 A         B        C        D         E       F
            +---------+---------+-------+---------+---------+-------
      Total |      99 |      63 |  38.9 |      37 |      22 |  37.3
            +---------+---------+-------+---------+---------+-------
        D:1 |      21 |      42 |  66.7 |      13 |      15 |  53.6
        D:2 |      24 |       4 |  14.3 |       7 |       3 |  30.0
        D:3 |      52 |      17 |  24.6 |      16 |       4 |  20.0
        D:4 |       2 |       0 |   0.0 |       1 |       0 |   0.0
            +---------+---------+-------+---------+---------+-------
